 Seeded DCSS version 0.30.0-13-g156ef70053 (webtiles) character file.

Game seed: 6862222631304461848 (custom seed)

6795 Pimp the Firebug (level 10, -1/62 HPs)
             Began as a Grey Draconian Fire Elementalist on May 17, 2023.
             Was a Priest of Vehumet.
             Slain by Wulfey's ghost (17 damage)
             ... on level 10 of the Dungeon.
             The game lasted 00:28:49 (11071 turns).

Pimp the Firebug (DrFE)                            Turns: 11071, Time: 00:28:49

Health: -1/62      AC: 19    Str: 11    XL:     10   Next: 76%
Magic:  11/19      EV: 14    Int: 26    God:    Vehumet [***...]
Gold:   499        SH:  0    Dex: 11    Spells: 6/22 levels left

rFire   + . .        h - staff of fire
rCold   + + .        (no shield)
rNeg    . . .        (body armour unavailable)
rPois   .            p - +2 hat
rElec   .            o - +2 cloak
rCorr   .            A - +0 pair of gloves
SInv    +            (no boots)
Will    ++...        s - amulet of the acrobat
Stlth   ++           J - +6 ring of intelligence
HPRegen 0.30/turn    z - ring of Xaovump {Will++ SInv}
MPRegen 0.16/turn

%: acrobat
@: about to teleport
A: AC +12, amphibious, unfitting armour, cold-blooded, cold resistance 2, frail
1, shaggy fur 1
a: Renounce Religion


You were on level 10 of the Dungeon.
You worshipped Vehumet.
Vehumet was most pleased with you.
You visited 2 branches of the dungeon, and saw 11 of its levels.

You collected 499 gold pieces.

Inventory:

Hand Weapons
 d - a +3 dagger of flaming
Armour
 o - a +2 cloak (worn)
 p - a +2 hat (worn)
 A - a +0 pair of gloves (worn)
Magical Staves
 h - a staff of fire (weapon)
Jewellery
 j - a +6 ring of dexterity
 m - the ring "Zeuwa" {rN+ Int+4}
   (You acquired it on level 4 of the Dungeon)

   [ring of positive energy]

   Int:       It affects your intelligence (+4).
   rN:        It protects you from negative energy.
 s - an amulet of the acrobat (around neck)
 z - the ring of Xaovump (right hand) {Will++ SInv}
   (You found it on level 8 of the Dungeon)

   [ring of see invisible]

   SInv:      It lets you see invisible.
   Will:      It greatly increases your willpower.
 B - a +6 ring of dexterity
 J - a +6 ring of intelligence (left hand)
Wands
 C - a wand of polymorph (7)
 H - a wand of flame (8)
 I - a wand of acid (6)
Scrolls
 b - a scroll of magic mapping
 l - 6 scrolls of teleportation
 t - a scroll of fear
 u - 3 scrolls of vulnerability
 x - 2 scrolls of fog
 y - 3 scrolls of blinking
 G - a scroll of immolation
 K - a scroll of brand weapon
 L - a scroll of amnesia
Potions
 a - 2 potions of magic
 c - a potion of invisibility {unknown}
 e - 3 potions of flight
 f - 4 potions of mutation
 g - 3 potions of might
 i - 4 potions of curing
 n - 4 potions of haste
 q - 3 potions of resistance {unknown}
 r - 6 potions of attraction
 v - 2 potions of cancellation {unknown}
 w - a potion of brilliance {unknown}
 E - a potion of heal wounds {unknown}


   Skills:
 - Level 6.1 Staves
 - Level 6.5 Dodging
 - Level 2.1 Stealth
 - Level 6.6 Spellcasting
 - Level 6.8 Conjurations
 + Level 6.1 Transmutations
 - Level 7.9 Fire Magic


You had 6 spell levels left.
You knew the following spells:

 Your Spells              Type           Power      Damage    Failure   Level
a - Foxfire               Conj/Fire      100%       2x1d9     1%          1
b - Scorch                Fire           100%       2d9       1%          2
c - Flame Wave            Conj/Fire      63%        2d15      1%          4
d - Searing Ray           Conj           88%        2d7       1%          2
e - Dragon Form           Tmut           20%        N/A       99%         7

Your spell library contained the following spells:

 Spells                   Type           Power      Damage    Failure   Level
 Frozen Ramparts          Ice            16%        1d3       5%          3
 Kiss of Death            Conj/Necr      100%       2d13      1%          1
 Inner Flame              Hex/Fire       43%        N/A       1%          3
 Volatile Blastmotes      Fire/Tloc      86%        2d17      1%          3
 Yara's Violent Unravell  Hex/Tmut       12%        3d7       13%         5
 Confusing Touch          Hex            8%         N/A       21%         3
 Cause Fear               Hex            4%         N/A       54%         4
 Dispel Undead            Necr           8%         3d8       54%         4
 Summon Forest            Summ/Tloc      4%         N/A       88%         5
 Summon Mana Viper        Hex/Summ       8%         N/A       88%         5
 Summon Cactus Giant      Summ           4%         N/A       100%        6
 Enfeeble                 Hex            4%         N/A       100%        7
 Dragon's Call            Summ           4%         N/A       100%        9


Dungeon Overview and Level Annotations

Branches:
Dungeon (10/15)            Temple (1/1) D:4            Lair (0/5) D:9
    Orc: D:9-12

Altars:
Ashenzari
Elyvilon
Fedhas
Hepliaklqana
Kikubaaqudgha
Okawaru
Qazlal
Sif Muna
Trog
Uskayaw
Vehumet
Wu Jian
Xom
Zin
The Shining One

Annotations:
D:10 1 transporter, Wulfey's ghost, journeyman MiBe


Innate Abilities, Weirdness & Mutations

Your dull iron-grey scales are very hard. (AC +12)
You are amphibious.
You cannot fit into any form of body armour.
You are cold-blooded and may be slowed by cold attacks.
Your flesh is very cold resistant. (rC++)
You are frail. (-10% HP)
You are covered in fur. (AC +1)


Message History

The flame wave engulfs the killer bee!!
The killer bee is severely wounded.
The flame wave engulfs Wulfey's ghost but does no damage.
You finish channelling waves of flame.
The killer bee closely misses you.
The killer bee stings you but does no damage. x2
The killer bee misses you. x2; The killer bee stings you.
You are poisoned.
The killer bee poisons you! Wulfey's ghost barely misses you.
Unknown command.
Casting: Flame Wave (dangerous; 1% risk of failure)
Confirm with . or Enter, or press ? or * to list all spells.
Casting: Flame Wave (dangerous; 1% risk of failure)
Press: ? - help, Dir - look around, f - activate You feel a surge of power!
A wave of flame ripples out!
The flame wave engulfs Wulfey's ghost!
Wulfey's ghost is lightly damaged.
The flame wave engulfs the killer bee!
You kill the killer bee!
Vehumet accepts your kill.
You feel your power returning. (Press . to intensify the flame waves.)
You feel sick. The killer bee closely misses you.
Wulfey's ghost closely misses you.
Your Transmutations skill increases to level 6!
A wave of flame ripples out!
The flame wave engulfs Wulfey's ghost.
Wulfey's ghost is lightly damaged.
The flame wave engulfs the killer bee!!
You kill the killer bee!
Vehumet accepts your kill.
You feel your power returning.
You feel sick. Wulfey's ghost hits you!
Unknown command.
A wave of flame ripples out!
The flame wave engulfs Wulfey's ghost!
Wulfey's ghost is moderately damaged.
You finish channelling waves of flame.
You feel sick. Wulfey's ghost hits you!!
* * * LOW HITPOINT WARNING * * *
Unknown command.
As you read the scroll of teleportation, it crumbles to dust.
You feel strangely unstable.
You feel sick. Wulfey's ghost closely misses you.
You feel better. Wulfey's ghost hits you!
You die...

######.###.## #.### #.....# #...#
#####<# ######'### ## #.#
#........# .# ####'#######
###........# .#
#..........###.+........#
.######.........©........>....#
.#....+...#############.......#
.'.####..#####..@W.#####......#
.#..###.###!#.#.†.#...###.....#
.##..##.##..#..###..#..##.....###
.###....###...# ..#...###.....+..
.# ###...#####..#W.#####......###
.# ##.###.#.#...#...###.+#### ##
#.##..#..###..#.!##.<# .#
#.###.!.#...#.#y###.## # .###
#..#####$$y[$#####..## #


You could see Wulfey's ghost.

Vanquished Creatures
  Maggie (D:7)
  An unseen horror (D:10)
  A queen bee (D:10)
  A hornet (D:10)
  Sigmund (D:3)
  11 yaks
  3 wyverns
  A water moccasin (D:5)
  Duvessa (D:7)
  An orc warrior (D:9)
  2 black bears
  2 ice beasts
  A phantom (D:7)
  A centaur (D:10)
  2 kobold brigands
  A bullfrog (D:8)
  A scorpion (D:4)
  8 wights
  Dowan (D:7)
  22 killer bees
  2 howler monkeys
  8 hounds
  2 jellies
  4 orc priests
  Jessica (D:3)
  7 iguanas
  7 orc wizards
  3 gnolls (D:4)
  12 adders
  A shadow imp (D:6)
  3 ufetubi
  7 dart slugs
  38 orcs
  9 ball pythons
  2 bats (D:1)
  6 endoplasms
  3 giant cockroaches
  9 goblins
  6 hobgoblins
  19 kobolds
  4 quokkas
  4 frilled lizards
  6 rats
226 creatures vanquished.

Vanquished Creatures (others)
  187 foxfires
187 creatures vanquished.

Grand Total: 413 creatures vanquished

Notes
Turn   | Place    | Note
-------+----------+-------------------------------------------
     0 | D:1      | Pimp the Draconian Fire Elementalist began the quest for
                  | the Orb.
     0 | D:1      | Reached XP level 1. HP: 14/14 MP: 3/3
   461 | D:1      | Reached XP level 2. HP: 11/20 MP: 0/5
  1167 | D:2      | Learned a level 2 spell: Scorch
  1274 | D:2      | Reached XP level 3. HP: 26/26 MP: 3/6
  2074 | D:2      | Reached XP level 4. HP: 33/33 MP: 2/7
  2277 | D:2      | Reached skill level 1 in Staves
  2998 | D:3      | Reached XP level 5. HP: 38/38 MP: 6/9
  3003 | D:3      | Noticed Jessica
  3007 | D:3      | Killed Jessica
  3144 | D:3      | Noticed Sigmund
  3156 | D:3      | Killed Sigmund
  3157 | D:3      | Reached skill level 4 in Fire Magic
  3157 | D:3      | Reached XP level 6. HP: 45/45 MP: 0/10
  3728 | D:4      | Identified a scroll of acquirement
  3728 | D:4      | Acquired the ring "Zeuwa" {rN+ Int+4}
  3937 | D:4      | Found a staircase to the Ecumenical Temple.
  3956 | Temple   | Entered the Ecumenical Temple
  3969 | Temple   | Became a worshipper of Vehumet
  4459 | D:4      | Your scales start taking on a dull iron-grey colour.
  4459 | D:4      | Reached XP level 7. HP: 48/50 MP: 7/12
  4723 | D:4      | Learned a level 4 spell: Flame Wave
  4741 | D:5      | Entered Level 5 of the Dungeon
  4934 | D:5      | Reached skill level 5 in Fire Magic
  5182 | D:5      | Reached * piety under Vehumet
  5182 | D:5      | Offered knowledge of Freeze by Vehumet.
  5232 | D:5      | Reached XP level 8. HP: 57/57 MP: 11/14
  6775 | D:7      | Noticed Duvessa
  6777 | D:7      | Noticed Dowan
  6784 | D:7      | Killed Duvessa
  6792 | D:7      | Killed Dowan
  6916 | D:7      | Reached ** piety under Vehumet
  7238 | D:7      | Noticed Maggie
  7251 | D:7      | Killed Maggie
  7252 | D:7      | Reached skill level 5 in Dodging
  7252 | D:7      | Reached skill level 5 in Spellcasting
  7252 | D:7      | Reached skill level 5 in Conjurations
  7252 | D:7      | Reached skill level 6 in Fire Magic
  7482 | D:7      | Reached XP level 9. HP: 62/62 MP: 9/16
  7552 | D:7      | Offered knowledge of Shock by Vehumet.
  7959 | D:8      | Gained mutation: Your natural rate of healing is unusually
                  | fast. [potion of mutation]
  7959 | D:8      | Gained mutation: You are dopey. (Int -2) [potion of
                  | mutation]
  7960 | D:8      | Lost mutation: You are dopey. (Int -2) [potion of mutation]
  7960 | D:8      | Lost mutation: Your natural rate of healing is unusually
                  | fast. [potion of mutation]
  7960 | D:8      | Gained mutation: You have supernaturally acute eyesight.
                  | (SInv) [potion of mutation]
  7960 | D:8      | Gained mutation: You expend magic power (3 MP) to
                  | strengthen your wands. [potion of mutation]
  7960 | D:8      | Gained mutation: Your muscles are strong. (Str +4, Int/Dex
                  | -1) [potion of mutation]
  7961 | D:8      | Lost mutation: You have supernaturally acute eyesight.
                  | (SInv) [potion of mutation]
  7961 | D:8      | Lost mutation: Your muscles are strong. (Str +4, Int/Dex
                  | -1) [potion of mutation]
  7961 | D:8      | Lost mutation: You expend magic power (3 MP) to strengthen
                  | your wands. [potion of mutation]
  7961 | D:8      | Gained mutation: You are frail. (-10% HP) [potion of
                  | mutation]
  7961 | D:8      | Gained mutation: You are covered in fur. (AC +1) [potion of
                  | mutation]
  7961 | D:8      | Gained mutation: Your flesh is cold resistant. (rC+)
                  | [potion of mutation]
  7961 | D:8      | Gained mutation: Your flesh is very cold resistant. (rC++)
                  | [potion of mutation]
  7975 | D:8      | Reached skill level 5 in Staves
  8120 | D:8      | Identified the ring of Xaovump {Will++ SInv}
  8927 | D:9      | Offered knowledge of Searing Ray by Vehumet.
  8931 | D:9      | Learned a level 2 spell: Searing Ray
  9058 | D:9      | Reached skill level 7 in Fire Magic
  9315 | D:9      | Found a staircase to the Lair.
  9487 | D:9      | Reached *** piety under Vehumet
  9488 | D:9      | Reached XP level 10. HP: 48/62 MP: 9/19
  9702 | D:9      | Found a stormy altar of Qazlal.
 10102 | D:10     | Entered Level 10 of the Dungeon
 10395 | D:10     | Learned a level 7 spell: Dragon Form
 10582 | D:10     | Found a transporter.
 10586 | D:10     | Found a transporter.
 10587 | D:10     | Noticed Wulfey's ghost (journeyman MiBe)
 10643 | D:10     | Offered knowledge of Frozen Ramparts by Vehumet.
 10771 | D:10     | Found a white marble altar of Elyvilon.
 10773 | D:10     | Found a blossoming altar of Fedhas.
 10827 | D:10     | Reached skill level 5 in Transmutations
 11071 | D:10     | Slain by Wulfey's ghost

Illustrated notes

Levels and vault maps discovered:
D:1:      minmay_arrival_pointy, layout_loops_cross, nicolae_titane
D:2:      layout_basic, nicolae_kite_square_tiling_tiny, minmay_snake_closets
D:3:      layout_rooms, st_stairs_11, hex_tiny, hangedman_decor_points,
          minmay_misc_feat_pillars, kennysheep_generic_room_10, uniq_jessica,
          uniq_sigmund
D:4:      layout_loops_ring, temple_statues, corexii_checkpoint_a,
          nicolae_concentric_dashed_squares_wild
D:5:      layout_cave_pools
D:6:      corexii_shack_village, layout_loops_ring, serial_rivers,
          chequers_serial_rivers_micro_c, chequers_serial_rivers_room_a,
          chequers_serial_rivers_large_a, chequers_serial_rivers_micro_a,
          chequers_serial_rivers_micro_d, chequers_serial_rivers_small_b
D:7:      layout_gridville, minmay_misc_feat_doors, nicolae_nh_ransacked_shop,
          uniq_maggie, uniq_duvessa
D:8:      layout_basic, serial_park_tiny_1
D:9:      layout_irregular_city, mainiacjoe_overflow_24_doors,
          dpeg_oklobed_lair, minmay_parallelograms
D:10:     layout_roguey, nicolae_overflow_squiral, gammafunk_ghost_hive,
          minivault_10, chequers_serial_rivers_micro_b
Temple:   compressed_dpeg_triangle_lava_temple

Skill      XL: |  1  2  3  4  5  6  7  8  9 10 |
---------------+-------------------------------+-----
Stealth        | 2 |  2.1
Dodging        | 2 3 4 5 6 |  6.5
Conjurations   | 2 3 4 5 6 |  6.8
Staves         | 1 2 3 4 6 |  6.1
Spellcasting   | 3 4 5 6 |  6.6
Fire Magic     | 4 5 6 7 |  7.9
Transmutations | 6 |  6.1

Action                     |  1- 3 |  4- 6 |  7- 9 | 10-12 || total
---------------------------+-------+-------+-------+-------++-------
  Melee: Unarmed           |    10 |       |       |       ||    10
         Dagger            |    29 |       |       |       ||    29
         Tailslap          |     6 |    11 |    19 |     7 ||    43
         Staff             |     9 |    65 |   138 |    28 ||   240
         Punch             |       |       |     1 |       ||     1
   Cast: Foxfire           |    40 |    18 |    44 |    12 ||   114
         Scorch            |     9 |    54 |   144 |    28 ||   235
         Searing Ray       |       |       |     4 |     2 ||     6
         Flame Wave        |       |       |       |     7 ||     7
    Use: Scroll            |       |     8 |    10 |     9 ||    27
         Potion            |       |     1 |     4 |     2 ||     7
   Stab: Sleeping          |     1 |     1 |     4 |       ||     6
         Distracted        |       |     1 |       |       ||     1
 Armour: Skin              |    18 |    21 |   124 |    25 ||   188
  Dodge: Dodged            |    40 |    61 |   219 |    76 ||   396
